 Dungeon Crawl Stone Soup version 0.28-a0-592-g6fc52098c6 (webtiles) character file.

Game seed: 8758845684619124330

3601 CurlyBrace the Scratcher (level 9, -6/43 HPs)
             Began as a Felid Ice Elementalist on May 10, 2021.
             Was a Priest of Cheibriados.
             Mangled by a death yak (18 damage)
             ... on level 11 of the Dungeon on Oct 4, 2021.
             The game lasted 00:57:12 (3178 turns).

CurlyBrace the Scratcher (Felid Ice Elementalist)   Turns: 3178, Time: 00:57:12

Health: -6/43      AC:  9    Str: 16    XL:     9   Next: 85%
Magic:  11/16      EV: 24    Int: 26    God:    Cheibriados [***...]
Gold:   597        SH:  0    Dex: 25    Spells: 4/16 levels left
                                        Lives:  0   Deaths: 2

rFire   . . .      SeeInvis +     - Unarmed
rCold   + . .      Faith    .   (shield unavailable)
rNeg    . . .      Spirit   .   (armour unavailable)
rPois   .          Reflect  .   (helmet unavailable)
rElec   .          Harm     .   (cloak unavailable)
rCorr   +          Rampage  .   (gloves unavailable)
Will    +....                   (boots unavailable)
Stlth   ++++......              a - amulet of regeneration
HPRegen 1.14/turn               c - ring of Ecixt {Fly rC+ Str+3}
MPRegen 0.15/turn               k - ring of resist corrosion

@: ice-armoured, freezing walls, flying, very slow
A: very small, claws 1, fangs 3, see invisible, speed 1, shaggy fur 2, stealthy
paws, no weapons or thrown items, no armour, multi-lived
a: Renounce Religion, Bend Time, Temporal Distortion


You were on level 11 of the Dungeon.
You worshipped Cheibriados.
Cheibriados was most pleased with you.
You visited 2 branches of the dungeon, and saw 12 of its levels.

You collected 1410 gold pieces.
You spent 813 gold pieces at shops.

Inventory:

Missiles
 b - 54 stones
Jewellery
 a - an amulet of regeneration (around neck)
   (You bought it in a shop on level 2 of the Dungeon)
 c - the ring of Ecixt (left paw) {Fly rC+ Str+3}
   (You bought it in a shop on level 2 of the Dungeon)

   [ring of flight]

   Str:       It affects your strength (+3).
   rC:        It protects you from cold.
   Fly:       It grants you flight.
 k - a ring of resist corrosion (right paw)
   (You found it on level 10 of the Dungeon)
Wands
 e - a wand of acid (2)
   (You found it on level 10 of the Dungeon)
Scrolls
 g - 2 scrolls of amnesia
 t - a scroll of teleportation


   Skills:
 * Level 7.6 Fighting
 + Level 7.0 Dodging
 + Level 7.6 Stealth
 * Level 7.7 Unarmed Combat
 - Level 4.0 Spellcasting
 - Level 4.0 Hexes
 - Level 4.0 Ice Magic
 + Level 2.7 Invocations
 - Level 2.3 Evocations


You had 4 spell levels left.
You knew the following spells:

 Your Spells              Type           Power      Damage    Failure   Level
a - Freeze                Ice            100%       1d11      1%          1
b - Ensorcelled Hibernat  Hex/Ice        52%        N/A       2%          2
c - Confusing Touch       Hex            26%        N/A       4%          3
d - Frozen Ramparts       Ice            52%        1d7       4%          3
e - Ozocubu's Armour      Ice            26%        N/A       4%          3

Your spell library contained the following spells:

 Spells                   Type           Power      Damage    Failure   Level
 Corona                   Hex            26%        N/A       1%          1
 Tukima's Dance           Hex            26%        N/A       4%          3
 Shock                    Conj/Air       20%        1d4       9%          1
 Dazzling Flash           Conj/Hex       30%        N/A       11%         3
 Static Discharge         Conj/Air       5%         N/A       13%         2
 Swiftness                Air            5%         N/A       26%         3
 Hailstorm                Conj/Ice       15%        3d5       36%         4
 Airstrike                Air            2%         N/A       63%         4
 Metabolic Englaciation   Hex/Ice        13%        N/A       41%         5
 Lightning Bolt           Conj/Air       2%         1d14      93%         5


Dungeon Overview and Level Annotations

Branches:
Dungeon (11/15)            Temple (1/1) D:4            Lair (0/6) D:11
    Orc: D:9-12

Altars:
Cheibriados
Fedhas
Uskayaw
Xom
Zin
Beogh

Shops:
D:2 =

Annotations:
D:1 exclusion: downstairs
D:2 exclusion: gnoll, Sigmund
D:4 exclusion: downstairs
D:5 exclusion: 2 downstairs
D:6 exclusions: iguana and jelly
D:7 exclusions: downstairs and electric eel
D:8 1 runed translucent door
D:9 exclusion: 2 doors
D:10 exclusions: centaur, upstairs and 2 yaks, Harold; Urug
D:11 Find lair/orc, exclusion: upstairs, tensugalgo's ghost, journeyman TeAE


Innate Abilities, Weirdness & Mutations

You have sharp claws.
You have razor-sharp teeth.
You have supernaturally acute eyesight. (SInv)
You cover ground quickly. (Speed+)
You are covered in thick fur. (AC +2)
Your paws help you pounce on unaware monsters.
You are incapable of wielding weapons or throwing items.
You cannot wear armour.
You gain extra lives every three experience levels.


Message History

Unknown command.
You barely miss the death yak.
You bite the death yak, but do no damage.
The death yak is lightly wounded.
The wall freezes the death yak.
The death yak barely misses you.
The wall freezes the hell rat.
You claw the death yak! You bite the death yak.
The death yak is moderately wounded.
The wall freezes the hell rat.
The wall freezes the death yak.
The death yak gores you!!
Ouch! That really hurt!
Unknown command.
Okay, then.
As you read the scroll of fear, it crumbles to dust.
You assume a fearsome visage.
The hell rat looks frightened!
The death yak resists with some effort.
The wall freezes the hell rat.
Your attack snaps the hell rat out of its fear.
The wall freezes the death yak.
The death yak closely misses you.
You aren't carrying any potions.
Unknown command.
Casting: Frozen Ramparts (dangerous; 4% risk of failure)
Confirm with . or Enter, or press ? or * to list all spells.
Aiming: Ensorcelled Hibernation (safe; 2% risk of failure)
Press: ? - help, Shift-Dir - straight line, f - death yak
Aim: a death yak (moderately wounded, chance to affect: 3%)
Okay, then.
You scratch the death yak but do no damage.
You bite the death yak.
The death yak is heavily wounded.
The wall freezes the death yak.
The wall freezes the death yak!
The death yak gores you!
* * * LOW HITPOINT WARNING * * *
Unknown command.
You claw the death yak!
The death yak is severely wounded.
The wall freezes the death yak.
The death yak completely misses you.
You scratch the death yak.
The death yak is severely wounded.
The wall freezes the death yak. x2; The death yak gores you!!
You die...

## ##.# ## #r.#
#.. #..# ##...
##.# #.....
#..##......
##.Y#†......
#..#@.......
#..#........ #
##..##.......
(..#Y..##.......
.rr.r....##......
.^rY#.....###....
..#......#..######
..........#...##
.>.........#.).##


You could see a death yak and a hell rat (fleeing).

Vanquished Creatures
  Nergalle (D:10)
  An unseen horror (D:10)
  A troll (D:11)
  A hornet (D:8)
  A shadow (D:10)
  A wraith (D:10)
  3 yaks
  5 orc warriors
  2 necrophages (D:7)
  3 ogres
  A centaur (D:8)
  A kobold brigand (D:9)
  3 bullfrogs
  A water moccasin zombie (D:5)
  A scorpion (D:7)
  4 wights
  2 howler monkeys (D:10)
  2 centaur zombies
  A bullfrog zombie (D:5)
  2 hounds
  An orc priest (D:10)
  A jelly (D:6)
  5 orc wizards
  A mummy (D:7)
  A howler monkey zombie (D:9)
  6 gnolls
  5 adders
  An ufetubus (D:4)
  An adder skeleton (D:4)
  A worm (D:5)
  3 dart slugs
  20 orcs
  4 bats
  2 endoplasms (D:2)
  4 giant cockroaches
  3 hobgoblins
  3 jackals (D:1)
  9 kobolds
  2 quokkas (D:1)
  3 ball pythons
  2 frilled lizards (D:1)
  4 goblins
  2 rats
121 creatures vanquished.

Vanquished Creatures (others)
  2 fungi (D:11)
  A plant (D:11)
3 creatures vanquished.

Grand Total: 124 creatures vanquished

Notes
Turn   | Place    | Note
-------+----------+-------------------------------------------
     0 | D:1      | CurlyBrace the Felid Ice Elementalist began the quest for
                  | the Orb.
     0 | D:1      | Reached XP level 1. HP: 7/7 MP: 4/4
   107 | D:2      | Found Fesem's Jewellery Boutique.
   154 | D:2      | Reached XP level 2. HP: 11/12 MP: 4/6
   167 | D:3      | Found a snail-covered altar of Cheibriados.
   231 | D:3      | Became a worshipper of Cheibriados the Contemplative
   324 | D:4      | Reached skill level 1 in Fighting
   324 | D:4      | Reached skill level 1 in Unarmed Combat
   343 | D:5      | Entered Level 5 of the Dungeon
   453 | D:5      | Reached XP level 3. HP: 7/15 MP: 2/7
   553 | D:2      | Found a faded altar of an unknown god.
   595 | D:2      | Learned a level 3 spell: Frozen Ramparts
   789 | D:1      | Identified a scroll of acquirement
   885 | D:2      | Acquired 835 gold pieces
   887 | D:2      | Bought an amulet of regeneration for 360 gold pieces
   887 | D:2      | Bought the ring of Ecixt {Fly rC+ Str+3} for 453 gold
                  | pieces
   992 | D:2      | Noticed Sigmund
  1096 | D:2      | Reached XP level 4. HP: 19/19 MP: 4/8
  1125 | D:3      | Learned a level 3 spell: Ozocubu's Armour
  1242 | D:4      | Found a staircase to the Ecumenical Temple.
  1248 | Temple   | Entered the Ecumenical Temple
  1252 | D:4      | Noticed an ice beast
  1283 | D:5      | Noticed an ogre
  1306 | D:5      | Slain by an ogre
  1307 | D:5      | Reached XP level 3. HP: -5/16 MP: 2/7
  1356 | D:5      | Reached * piety under Cheibriados
  1360 | D:5      | Reached XP level 4. HP: 10/20 MP: 1/8
  1378 | D:5      | Noticed a necrophage
  1521 | D:6      | Noticed a bullfrog
  1521 | D:6      | Noticed a bullfrog
  1521 | D:6      | Noticed a steam dragon
  1530 | D:5      | Killed an ogre
  1531 | D:5      | Reached XP level 5. HP: 24/24 MP: 0/9
  1709 | D:5      | Gained mutation: You are covered in thick fur. (AC +2)
                  | [Felid growth]
  1709 | D:5      | Reached XP level 6. HP: 28/28 MP: 6/10
  1952 | D:8      | Noticed a hornet
  2013 | D:8      | Killed a hornet
  2014 | D:8      | Reached skill level 1 in Invocations
  2014 | D:8      | Reached skill level 1 in Evocations
  2014 | D:8      | Reached XP level 7. HP: 33/33 MP: 11/11
  2199 | D:7      | Reached skill level 5 in Unarmed Combat
  2212 | D:7      | Reached skill level 5 in Stealth
  2264 | D:8      | Reached skill level 5 in Fighting
  2264 | D:8      | Reached XP level 8. HP: 37/37 MP: 7/13
  2265 | D:8      | Found a runed translucent door.
  2281 | D:8      | Killed by an exploding wight... ignited by their inner
                  | flame
  2282 | D:8      | Reached XP level 7. HP: -25/33 MP: 2/12
  2290 | D:8      | Reached ** piety under Cheibriados
  2293 | D:8      | Reached skill level 5 in Dodging
  2444 | D:9      | Noticed a gargoyle
  2444 | D:9      | Noticed a gargoyle
  2507 | D:9      | Reached XP level 8. HP: 38/38 MP: 9/13
  2610 | D:9      | Learned a level 2 spell: Ensorcelled Hibernation
  2614 | D:9      | Learned a level 3 spell: Confusing Touch
  2667 | D:10     | Entered Level 10 of the Dungeon
  2738 | D:10     | Reached *** piety under Cheibriados
  2763 | D:10     | Noticed Nergalle
  2782 | D:11     | Found a runed translucent door.
  2783 | D:11     | Noticed tensugalgo's ghost (journeyman TeAE)
  2783 | D:11     | Identified the +8 spear "Gisme" {speed, rPois rN+}
  2819 | D:10     | Noticed an unseen horror
  2824 | D:10     | Killed an unseen horror
  2840 | D:10     | Reached XP level 9. HP: 42/42 MP: 15/15
  2901 | D:10     | Noticed Urug
  2918 | D:10     | Noticed Harold
  3010 | D:10     | Killed Nergalle
  3031 | D:10     | Noticed a two-headed ogre
  3135 | D:11     | Upgraded the game from 0.27-a0-1140-g099f9bb0e8 to
                  | 0.28-a0-592-g6fc52098c6
  3141 | D:11     | Noticed a death yak
  3144 | D:11     | Found a staircase to the Lair.
  3153 | D:11     | Noticed a troll
  3155 | D:11     | Killed a troll
  3167 | D:11     | Noticed a death yak
  3178 | D:11     | Mangled by a death yak

Illustrated notes

Levels and vault maps discovered:
D:1:      doesnt_arrival_eight_statues, layout_loops_ring, hex_medium,
          nrook_mini_vaults, minmay_statues_item, hex_large
D:2:      layout_loops_ring, serial_shops, shop,
          shapermc_ecumenical_altar_notcrosses, serial_bayou_ford_a,
          uniq_sigmund
D:3:      cheibrodos_pilgrimage, layout_basic, slow_altar_1,
          minmay_misc_feat_rows, corexii_corridor_pit
D:4:      layout_loops_ring, minmay_temple_entry_wispy, minmay_crystal_water,
          serial_park_tiny_2, minmay_fire_ice_demons, uniq_grinder, uniq_ijyb
D:5:      layout_basic, minmay_checkerbox
D:6:      minmay_flawed_box, layout_basic
D:7:      layout_basic, serial_undead, serial_undead_c, serial_undead_e,
          serial_undead_c, serial_undead_b, serial_shops, shop,
          chequers_serial_rivers_small_a, serial_bayou_lake_a
D:8:      layout_rooms, lightli_church_of_beogh
D:9:      minmay_diamond_stairs, layout_loops_ring
D:10:     layout_basic, special_room [special_room_orc],
          minmay_tree_intersection, uniq_harold, uniq_urug, uniq_nergalle
D:11:     minmay_the_grid_square_5x5_5x5_mashed
          [minmay_the_grid_square_5x5_minibox,
          minmay_the_grid_square_5x5_fancy_junction,
          minmay_the_grid_square_5x5_intrusive_squares,
          minmay_the_grid_square_5x5_moneybag,
          minmay_the_grid_square_5x5_bridge,
          minmay_the_grid_square_5x5_inverted_slash,
          minmay_the_grid_square_5x5_prize_itemx,
          minmay_the_grid_square_5x5_lines,
          minmay_the_grid_square_5x5_prize_open, minmay_the_grid_square_5x5_two,
          minmay_the_grid_square_5x5_minimal,
          minmay_the_grid_square_5x5_three_walls,
          minmay_the_grid_square_5x5_prize_snowflake,
          minmay_the_grid_square_5x5_hourglass,
          minmay_the_grid_square_5x5_trominoes,
          minmay_the_grid_square_5x5_n_small,
          minmay_the_grid_square_5x5_prize_rear_guard,
          minmay_the_grid_square_5x5_tie,
          minmay_the_grid_square_5x5_prize_deathbox,
          minmay_the_grid_square_5x5_doubleslash,
          minmay_the_grid_square_5x5_checkered_statues,
          minmay_the_grid_square_5x5_eight_small,
          minmay_the_grid_square_5x5_fat_x, minmay_the_grid_square_5x5_inner_i,
          minmay_the_grid_square_5x5_minivault], layout_cave_pods,
          dpeg_lair_monsters, orc_0_dummy, ebering_ghost_funeral_grove,
          kennysheep_generic_room_2
Temple:   nicolae_temple_the_god_donut

Skill      XL: |  1  2  3  4  5  6  7  8  9 |
---------------+----------------------------+-----
Fighting       | 1 2 3 4 5 6 7 |  7.6
Stealth        | 3 4 5 6 7 |  7.6
Unarmed Combat | 1 2 3 4 5 6 7 |  7.7
Dodging        | 3 4 5 6 7 |  7.0
Ice Magic      | 4 |  4.0
Invocations    | 1 2 |  2.7
Evocations     | 1 2 |  2.3
Spellcasting   | 3 4 |  4.0
Hexes          | 2 4 |  4.0

Action                   |  1- 3 |  4- 6 |  7- 9 || total
-------------------------+-------+-------+-------++-------
Melee: Unarmed           |    35 |    62 |   146 ||   243
       Bite              |     4 |     9 |    27 ||    40
       Punch             |       |     1 |     6 ||     7
 Cast: Freeze            |    47 |     9 |       ||    56
       Ozocubu's Armour  |     1 |     9 |    13 ||    23
       Frozen Ramparts   |     1 |     5 |    11 ||    17
       Ensorcelled Hiber |       |       |     8 ||     8
Evoke: Wand              |       |     3 |     9 ||    12
  Use: Potion            |     5 |       |     2 ||     7
       Scroll            |     7 |     3 |     8 ||    18
 Stab: Sleeping          |     7 |     4 |     7 ||    18
Armor: Skin              |     2 |     5 |    11 ||    18
Dodge: Dodged            |    51 |    81 |   146 ||   278

Table legend: (Time is in decaauts)
 A = Elapsed time spent in this place.
 B = Non-inter-level travel time spent in this place.
 C = Inter-level travel time spent in this place.
 D = Time resting spent in this place.
 E = Time spent auto-exploring this place.
 F = Levels seen in this place.
 G = Mean time per level.
                   A        B        C        D        E       F      G
               +--------+--------+--------+--------+--------+-----+--------+
         Total |   3607 |   3607 |      0 |      0 |      0 |  12 |  300.6 |
       Dungeon |   3605 |   3605 |      0 |      0 |      0 |  11 |  327.7 |
        Temple |      1 |      1 |      0 |      0 |      0 |   1 |    1.0 |
               +--------+--------+--------+--------+--------+-----+--------+

Top non-repeatable levels by time:
     D:5: 607 daAuts
     D:1: 532 daAuts
    D:10: 509 daAuts
     D:8: 429 daAuts
     D:7: 330 daAuts
     D:4: 310 daAuts
     D:3: 239 daAuts
     D:2: 225 daAuts
     D:9: 152 daAuts
     D:6: 149 daAuts
    D:11: 119 daAuts
  Temple: 1 daAuts
